 Dungeon Crawl Stone Soup version 0.20-a0-251-g16a58bf (webtiles) character file.

180 Faca the Shield-Bearer (level 5, 0/42 HPs)
             Began as a Formicid Fighter on Nov 30, 2016.
             Slain by Crazy Yiuf
             ... wielding a +4 quarterstaff of chaos
              (1 damage)
             ... on level 3 of the Dungeon.
             The game lasted 00:07:49 (1628 turns).

Faca the Shield-Bearer (Formicid Fighter)           Turns: 1628, Time: 00:07:49

Health: 0/42       AC: 13    Str: 20    XL:     5   Next: 91%
Magic:  5/5        EV:  2    Int:  8    God:
Gold:   109        SH:  0    Dex: 11    Spells: 4/4 levels left

rFire  . . .     SeeInvis +     g - +6 club
rCold  . . .     Gourm    .     m - +0 plate armour
rNeg   + + +     Faith    .     c - +1 shield
rPois  ∞         Spirit   .     (helmet unavailable)
rElec  .         Reflect  .     j - +0 cloak
rCorr  .         Harm     .     (no gloves)
MR     .....                    (no boots)
Stlth  ..........               (no amulet)
                                (no ring)
                                (no ring)

@: lethally poisoned (0 -> 0), petrified
A: permanent stasis, dig shafts and tunnels, four strong arms, antennae 3
a: Dig, Shaft Self


You were on level 3 of the Dungeon.
You were not hungry.

You visited 1 branch of the dungeon, and saw 3 of its levels.

You collected 109 gold pieces.

Inventory:

Hand Weapons
 a - a +0 war axe
 g - a +6 club (weapon)
Armour
 c - a +1 shield (worn)
 j - a +0 cloak (worn)
 m - a +0 plate armour (worn)
Scrolls
 e - 2 scrolls of recharging
 h - a scroll of magic mapping
 i - a scroll of fear
 l - a scroll of enchant armour
Potions
 b - a potion of heal wounds {unknown}
 d - a potion of might
 k - 5 potions of curing
Comestibles
 f - 4 bread rations


   Skills:
 + Level 4.1 Fighting
 + Level 4.0 Axes
 + Level 0.2(2.4) Maces & Flails
 + Level 4.1 Armour
 + Level 0.3 Dodging
 + Level 4.3 Shields


You had 4 spell levels left.
You didn't know any spells.

Dungeon Overview and Level Annotations

Branches:
Dungeon (3/15)

Altars:

Annotations:
D:3 Crazy Yiuf


Innate Abilities, Weirdness & Mutations

You cannot be hasted, slowed, berserked, paralysed or teleported.
You can dig through walls and to a lower floor.
Your four strong arms can wield two-handed weapons with a shield.
You have a pair of large antennae on your head. (SInv)


Message History

Crazy Yiuf hits you with a quarterstaff of chaos.
Crazy Yiuf burns you.
Crazy Yiuf whimpers, "Hah agre senile!"
Crazy Yiuf hits you but does no damage.
You are more poisoned.
You have turned to stone.
Crazy Yiuf hits you with a quarterstaff of chaos!
Crazy Yiuf burns you.
Crazy Yiuf whimpers, "Gum!
Lugonu Hive aubergine."
Crazy Yiuf hits you but does no damage.
Crazy Yiuf hits you with a quarterstaff of chaos!
Crazy Yiuf hits you but does no damage.
You are electrocuted!
* * * LOW HITPOINT WARNING * * *
Crazy Yiuf grits, "Ice sizzlefizz meccalolo!"
Crazy Yiuf hits you with a quarterstaff of chaos.
* * * LOW HITPOINT WARNING * * *
Crazy Yiuf hits you with a quarterstaff of chaos.
* * * LOW HITPOINT WARNING * * *
Crazy Yiuf freezes you.
You die...

### ###♣♣♣♣♣ #..
##..P.♣.♣♣♣ #### #.#
##......♣..♣#...# ####
#.###
#....PP♣♣♣♣.@g..#
#..####.... #.....♣♣
♣♣#..)# #........##
#.###♣♣ ####
##.##....). #.#
#.##....## #.#
#.###.#.## #.# ###
######.# #.#.##
#.#######)# ###....#.#
#.#.## #.........#
#......#.# #.#.#
#########.###.#<##.#.#
#.#.#


You could see Crazy Yiuf.

Vanquished Creatures
  Natasha (thrice) (D:2)
  Ijyb (D:2)
  2 oozes
  A worm (D:2)
  2 dart slugs
  3 ball pythons
  8 bats
  5 giant cockroaches
  8 goblins
  10 hobgoblins
  2 jackals (D:2)
  4 frilled lizards
  9 kobolds
  8 rats
66 creatures vanquished.

Notes
Turn   | Place    | Note
-------+----------+-------------------------------------------
     0 | D:1      | Faca the Formicid Fighter began the quest for the Orb.
     0 | D:1      | Reached XP level 1. HP: 18/18 MP: 1/1
   105 | D:1      | Reached XP level 2. HP: 10/24 MP: 2/2
   168 | D:1      | Reached XP level 3. HP: 15/29 MP: 3/3
   629 | D:2      | Reached XP level 4. HP: 32/35 MP: 4/4
   805 | D:2      | Noticed Natasha
   809 | D:2      | Noticed Ijyb
   823 | D:2      | Killed Natasha
   825 | D:2      | Killed Ijyb
   825 | D:2      | Reached XP level 5. HP: 8/42 MP: 5/5
   936 | D:2      | Noticed Natasha
   943 | D:2      | Killed Natasha
  1187 | D:2      | Noticed Natasha
  1195 | D:2      | Killed Natasha
  1599 | D:3      | Found a runed door.
  1603 | D:3      | Noticed Crazy Yiuf
  1628 | D:3      | HP: 1/42 [Crazy Yiuf/quarterstaff of chaos (3)]
  1628 | D:3      | Slain by Crazy Yiuf

Vault maps used:
D:1:      elethiomel_arrival_diamonds, minmay_misc_feat_columns
D:2:      first_bread, kennysheep_boxes, uniq_natasha, uniq_iyjb
D:3:      mumra_celtic_spiral_tile, nicolae_overflow_crystal_walls,
          lemuel_round_altar, serial_bayou_lagoon_a, uniq_robin,
          uniq_crazy_yiuf_cottage

Skill      XL: |  1  2  3  4  5 |
---------------+----------------+-----
Axes           | 3 4 |  4.0
Shields        | 4 |  4.3
Armour         | 4 |  4.1
Fighting       | 4 |  4.1
Maces & Flails | |  0.2
Dodging        | |  0.3

Action                   |  1- 3 |  4- 6 || total
-------------------------+-------+-------++-------
Melee: War axe           |    91 |    55 ||   146
       Club              |       |    41 ||    41
  Use: Scroll            |     5 |     5 ||    10
       Potion            |     5 |     2 ||     7
  Eat: Bread ration      |       |     1 ||     1
       Beef jerky        |       |     1 ||     1
Armor: Scale mail        |    60 |    38 ||    98
       Skin              |       |     7 ||     7
       Plate armour      |       |     6 ||     6
Dodge: Dodged            |    28 |    38 ||    66
Block: Shield            |    71 |    49 ||   120
